 Dungeon Crawl Stone Soup version 0.24-a0-584-g9d6b971ae4 (webtiles) character file.

Game seed: 3825087252176411335, levelgen mode: deterministic

910 Eightlegvermin the Insei (level 8, 0/48 HPs)
             Began as an Octopode Transmuter on Aug 31, 2019.
             Killed from afar by an orc wizard (5 damage)
             ... with a magic dart
             ... on level 4 of the Dungeon.
             The game lasted 00:16:22 (4396 turns).

Eightlegvermin the Insei (Octopode Transmuter)      Turns: 4396, Time: 00:16:22

Health: 0/48       AC:  2    Str: 10    XL:     8   Next: 8%
Magic:  6/11       EV: 20    Int: 15    God:
Gold:   142        SH:  0    Dex: 19    Spells: 5/11 levels left

rFire    . . .     SeeInvis .     - Unarmed
rCold    . . .     Gourm    .   (shield currently unavailable)
rNeg     . . .     Faith    .   (helmet currently unavailable)
rPois    x         Spirit   .   q - amulet of magic regeneration
rElec    .         Reflect  .   k - ring of resist corrosion
rCorr    +         Harm     .   (no ring)
MR       .....                  (no ring)
Stlth    +++.......             (no ring)
HPRegen  0.16/turn              (no ring)
MPRegen  0.37/turn              (no ring)
                                (no ring)
                                (no ring)

@: about to teleport, spider-form, very slightly contaminated
A: tiny, almost no armour, stealthy swim, (amphibious), 8 rings, (constrict 8)
a: End Transformation


You were on level 4 of the Dungeon.
You were not hungry.
You were a venomous arachnid creature.
You visited 1 branch of the dungeon, and saw 4 of its levels.
You also visited: Sewer.

You collected 142 gold pieces.

Inventory:

Missiles
 a - 68 arrows
 m - 12 poisoned darts (quivered)
Armour
 s - a +1 large shield of poison resistance
Jewellery
 k - a ring of resist corrosion (left front leg)
 q - an amulet of magic regeneration (around neck)
Scrolls
 b - 2 scrolls of teleportation
Potions
 d - a potion of degeneration {unknown}
 e - 2 potions of lignification {unknown}
 f - 3 potions of invisibility {unknown}
 g - 2 potions of mutation {unknown}
 h - 3 potions of curing {unknown}
 i - 2 potions of ambrosia {unknown}
 j - 3 potions of heal wounds {unknown}
 l - a potion of agility {unknown}
 n - 2 potions of flight {unknown}
 o - a potion of magic {unknown}
 p - 2 potions of might {unknown}
 r - a potion of brilliance {unknown}
Comestibles
 c - 6 rations
 t - 7 chunks of flesh


   Skills:
 - Level 1.0 Fighting
 - Level 2.0 Dodging
 - Level 4.6 Stealth
 + Level 6.4 Unarmed Combat
 - Level 2.0 Spellcasting
 * Level 6.1 Transmutations
 + Level 0.9 Poison Magic


You had 5 spell levels left.
You knew the following spells:

 Your Spells              Type           Power        Failure   Level  Hunger
a - Beastly Appendage     Tmut           ###...       8%          1    #......
b - Sticks to Snakes      Tmut           ###.....     10%         2    ###....
c - Spider Form           Tmut/Pois      ##........   34%         3    ###....

Your spell library contained the following spells:

 Spells                   Type           Power        Failure   Level  Hunger
 Blade Hands              Tmut           ###.......   67%         5    ######.
 Ice Form                 Ice/Tmut       ##......     75%         4    #####..


Dungeon Overview and Level Annotations

Branches:
Dungeon (4/15)              Sewer (visited)
 Temple: D:4-7

Altars:
Ashenzari
Hepliaklqana
Kikubaaqudgha
Okawaru
Qazlal
Sif Muna


Innate Abilities, Weirdness & Mutations

You cannot wear most types of armour.
You are very stealthy in the water. (Stealth+)
((You are amphibious.))
You can wear up to eight rings at the same time.
((You can use your tentacles to constrict eight enemies at once.))
((Your skin changes colour to match your surroundings (Stealth+).))
((Your rubbery body absorbs attacks. (AC +1, EV +1)))


Message History

You feel slightly ill.
The orc wizard hits you with a +0 dagger.
* * * LOW HITPOINT WARNING * * *
Casting: Spider Form (safe; 16% risk of failure)
Confirm with . or Enter, or press ? or * to list all spells.
You turn into a venomous arachnid creature.
The orc wizard misses you.
You hit the orc wizard.
The orc wizard is poisoned.
The orc wizard is lightly wounded.
The orc wizard casts a spell at you. The puff of frost hits you.
* * * LOW HITPOINT WARNING * * *
As you read the scroll of teleportation, it crumbles to dust.
You feel strangely unstable. The orc wizard completely misses you.
You hit the orc wizard.
The orc wizard is poisoned.
The orc wizard is lightly wounded.
The orc wizard hits you but does no damage. x2
The orc wizard points at you and mumbles some strange words.
The magic dart hits you.
You die...

......≈≈≈≈≈.....##...............
<......≈≈≈......###.......<......
...÷............#.##.............
................................#
......................÷..........
.........................o.......
................................#
.....##..........##..#...........
.........#.....#s##..#..........#
......##........oo.......##......
......##..................#......
...#.##...#####.........#####.#.?
..##.#...######.........# ####
.##......###.......#...##
................########
.....####......##
.##............###


You could see 2 orc wizards.

Vanquished Creatures
  Sigmund (D:2)
  Purgy (Sewer)
  A scorpion (D:4)
  2 vampire bats (D:4)
  2 orc priests
  3 hounds
  Crazy Yiuf (D:3)
  Natasha (thrice) (D:3)
  3 orc wizards
  A worker ant (D:4)
  Robin (D:3)
  4 adders
  5 worms
  A dart slug (D:2)
  5 leopard geckos
  16 orcs
  2 bat skeletons (D:4)
  3 bat zombies (D:4)
  4 giant cockroaches
  10 goblins
  8 hobgoblins
  5 jackals (D:2)
  5 quokkas
  5 bats
  8 frilled lizards
  8 kobolds
  A quokka skeleton (D:4)
  5 rats
  A fungus (D:3)
115 creatures vanquished.

Notes
Turn   | Place    | Note
-------+----------+-------------------------------------------
     0 | D:1      | Eightlegvermin the Octopode Transmuter began the quest for
                  | the Orb.
     0 | D:1      | Reached XP level 1. HP: 13/13 MP: 3/3
   451 | D:1      | Reached XP level 2. HP: 16/18 MP: 3/5
   799 | D:1      | Learned a level 2 spell: Sticks to Snakes
   830 | D:2      | Reached skill level 1 in Stealth
  1075 | D:2      | Reached XP level 3. HP: 23/23 MP: 4/6
  1083 | D:2      | Learned a level 3 spell: Spider Form
  1136 | D:2      | Noticed Sigmund
  1147 | D:2      | Killed Sigmund
  1147 | D:2      | Reached XP level 4. HP: 17/28 MP: 7/7
  1147 | D:2      | Reached XP level 5. HP: 20/33 MP: 8/8
  1329 | D:2      | Found a shattered altar of Ashenzari.
  1574 | D:2      | Found an iron altar of Okawaru.
  1574 | D:2      | Found a stormy altar of Qazlal.
  1972 | D:2      | Found a shimmering blue altar of Sif Muna.
  2468 | D:3      | Noticed Robin
  2488 | D:3      | Reached XP level 6. HP: 31/38 MP: 3/9
  2502 | D:3      | Killed Robin
  2713 | D:3      | Noticed Natasha
  2720 | D:3      | Killed Natasha
  2759 | D:3      | Noticed Natasha
  2774 | D:3      | Killed Natasha
  3007 | D:3      | Noticed Natasha
  3024 | D:3      | Killed Natasha
  3024 | D:3      | Reached skill level 5 in Unarmed Combat
  3482 | D:3      | Found a runed translucent door.
  3483 | D:3      | Noticed Crazy Yiuf
  3497 | D:3      | Killed Crazy Yiuf
  3611 | D:4      | Reached XP level 7. HP: 42/43 MP: 10/10
  3728 | D:4      | Found an ancient bone altar of Kikubaaqudgha.
  3737 | D:4      | Reached skill level 5 in Transmutations
  3794 | D:4      | Found a glowing drain.
  3805 | Sewer    | Entered a sewer
  3979 | Sewer    | Noticed Purgy
  4002 | Sewer    | Killed Purgy
  4315 | D:4      | Reached XP level 8. HP: 43/48 MP: 11/11
  4323 | D:4      | Found a hazy altar of Hepliaklqana.
  4396 | D:4      | Killed from afar by an orc wizard

Levels and vault maps discovered:
D:1:      scummos_arrival_checkerplants, layout_rooms, minivault_4,
          palyth_stone_intersect, grunt_decor_arrowhead,
          minmay_misc_feat_nine_boxes
D:2:      layout_basic, lemuel_round_altar, led_sif_pool,
          chequers_temple_overflow_statue_of_worship, uniq_sigmund
D:3:      layout_basic, st_stairs_10, uniq_natasha, uniq_robin,
          uniq_crazy_yiuf_cottage
D:4:      layout_cave_pools, overflow_temple_1_default,
          kennysheep_vampire_church, portal_sewer_entry_a

Skill      XL: |  1  2  3  4  5  6  7  8 |
---------------+-------------------------+-----
Stealth        | 1 4 |  4.6
Unarmed Combat | 4 5 6 |  6.4
Transmutations | 3 4 5 6 |  6.1
Fighting       | |  1.0
Dodging        | |  2.0
Spellcasting   | |  2.0
Poison Magic   | |  0.9

Action                   |  1- 3 |  4- 6 |  7- 9 || total
-------------------------+-------+-------+-------++-------
Melee: Unarmed           |    46 |   123 |    90 ||   259
       Constrict         |    13 |    26 |    15 ||    54
       Tentacles         |     8 |    10 |     6 ||    24
       Kick              |    10 |    21 |     6 ||    37
       Punch             |     1 |     1 |     3 ||     5
 Cast: Beastly Appendage |    11 |    27 |    11 ||    49
       Spider Form       |       |     8 |     7 ||    15
  Use: Scroll            |       |     1 |     3 ||     4
 Stab: Sleeping          |     5 |     8 |     6 ||    19
       Distracted        |       |       |     1 ||     1
  Eat: Chunk             |     1 |     5 |     2 ||     8
       Ration            |       |     1 |     1 ||     2
Armor: Skin              |     5 |     5 |    12 ||    22
Dodge: Dodged            |    43 |    71 |    79 ||   193

Table legend:
 A = Non-vault XP
 B = Vault XP
 C = Vault XP percentage of total XP
 D = Non-vault monster count
 E = Vault monster count
 F = Vault count percentage of total count
                 A         B        C        D         E       F
            +---------+---------+-------+---------+---------+-------
      Total |     697 |     604 |  46.4 |      81 |      33 |  28.9
            +---------+---------+-------+---------+---------+-------
        D:1 |      16 |       0 |   0.0 |      10 |       0 |   0.0
        D:2 |      69 |     212 |  75.4 |      28 |       1 |   3.4
        D:3 |     238 |     113 |  32.2 |      19 |      15 |  44.1
        D:4 |     374 |     136 |  26.7 |      24 |      11 |  31.4
      Sewer |       0 |     143 | 100.0 |       0 |       6 | 100.0
            +---------+---------+-------+---------+---------+-------
